 Dungeon Crawl Stone Soup version 0.19.5 (webtiles) character file.

101 Keye the Changer (level 4, 0/35 HPs)
             Began as a Draconian Transmuter on May 7, 2017.
             Succumbed to an adder's poison
             ... on level 2 of the Dungeon.
             The game lasted 00:08:16 (2625 turns).

Keye the Changer (Draconian Transmuter)             Turns: 2625, Time: 00:08:17

Health: 0/35       AC:  5    Str: 12    XL:     4   Next: 48%
Magic:  6/8        EV: 18    Int: 14    God:
Gold:   89         SH:  0    Dex: 17    Spells: 3 memorised, 3 levels left

rFire  . . .     SeeInvis .       - Unarmed
rCold  . . .     Gourm    .     (armour unavailable)
rNeg   . . .     Faith    .     (shield currently unavailable)
rPois  x         Spirit   .     (helmet currently unavailable)
rElec  .         Reflect  .     (cloak currently unavailable)
rCorr  .         Harm     .     (gloves currently unavailable)
MR     .....                    (boots currently unavailable)
Stlth  +++.......               (no amulet)
                                h - ring of stealth
                                d - +3 ring of protection

@: lethally poisoned (0 -> -17), spider-form (expiring), drained
A: unfitting armour, (cold-blooded), AC +5
a: End Transformation


You were on level 2 of the Dungeon.
You were not hungry.
You were a venomous arachnid creature.
You visited 1 branch of the dungeon, and saw 3 of its levels.

You collected 89 gold pieces.

Inventory:

Hand Weapons
 i - a +2 short sword of draining
Missiles
 a - 62 arrows
Jewellery
 d - a +3 ring of protection (left front leg)
 g - an uncursed ring of poison resistance {unknown}
 h - a ring of stealth (right front leg)
Scrolls
 e - a scroll of identify {unknown}
 f - 2 scrolls of immolation {unknown}
 p - a scroll of blinking {unknown}
 q - a scroll of fear {unknown}
 r - a scroll of teleportation {unknown}
Potions
 k - 2 potions of haste {unknown}
 l - 2 potions of flight {unknown}
 n - a potion of agility {unknown}
Books
 b - a book of Changes

   Spells                             Type                      Level
   a - Beastly Appendage              Transmutation                1
   b - Sticks to Snakes               Transmutation                2
   c - Spider Form                    Transmutation/Poison         3
   d - Ice Form                       Ice/Transmutation            4
   e - Blade Hands                    Transmutation                5
Comestibles
 c - 2 bread rations
 j - 2 meat rations
 m - 3 chunks of flesh
 o - a beef jerky


   Skills:
 + Level 1.2(0.7) Fighting
 - Level 1.7(1.2) Dodging
 + Level 3.0(2.4) Unarmed Combat
 - Level 3.0(2.4) Spellcasting
 + Level 3.4(2.8) Transmutations
 - Level 1.7(1.1) Poison Magic


You had 3 spell levels left.
You knew the following spells:

 Your Spells              Type           Power        Failure   Level  Hunger
a - Beastly Appendage     Tmut           #.....       24%         1    #......
b - Sticks to Snakes      Tmut           #.......     28%         2    ###....
c - Spider Form           Tmut/Pois      #.........   52%         3    ###....


Dungeon Overview and Level Annotations

Branches:
Dungeon (3/15)

Altars:

Annotations:
D:3 Chifra's ghost, amateur HESk


Innate Abilities, Weirdness & Mutations

((Your plain brown scales are hard. (AC +5)))
You cannot fit into any form of body armour.
((You are cold-blooded and may be slowed by cold attacks.))


Message History

You hit Chifra's ghost.
Chifra's ghost is almost destroyed.
You feel sick. The goblin barely misses you. The adder closely misses you.
Chifra's ghost hits you.
You hit Chifra's ghost but do no damage.
Chifra's ghost is almost destroyed.
You feel sick. The adder bites you.
You are lethally poisoned!
The adder poisons you! The goblin barely misses you.
Chifra's ghost lets out a mournful wail.
Chifra's ghost hits you.
* * * LOW HITPOINT WARNING * * *
* * * LOW HITPOINT WARNING * * *
You feel sick. The adder bites you.
* * * LOW HITPOINT WARNING * * *
The goblin misses you. Chifra's ghost hits you.
* * * LOW HITPOINT WARNING * * *
You climb upwards.
The ghost fades into the shadows.
Chifra's ghost disappears!
Chifra's ghost reappears nearby!
You die...

########### #.........#
#.........# #.........#
#....(....# #S........#
#.s.......# ### #.g.......#
####### #.####
#.........###...... #....##
#.........##....... ###...##
#.........#........ ####.#..####
###.###.###........
...........#####..# #.# #........
####.##()#....##.####.###........
## #........((....)..............


You could see an adder and a goblin.

Vanquished Creatures
  An adder (D:2)
  2 oozes
  A worm (D:2)
  3 dart slugs
  3 leopard geckos
  A giant cockroach (D:2)
  5 goblins
  9 hobgoblins
  14 jackals
  2 ball pythons
  2 bats
  3 frilled lizards (D:1)
  11 kobolds
  8 rats
65 creatures vanquished.

Notes
Turn   | Place    | Note
-------+----------+-------------------------------------------
     0 | D:1      | Keye the Draconian Transmuter began the quest for the Orb.
     0 | D:1      | Reached XP level 1. HP: 16/16 MP: 3/3
   366 | D:1      | Reached XP level 2. HP: 8/23 MP: 5/5
   572 | D:1      | Learned a level 2 spell: Sticks to Snakes
   858 | D:1      | Reached XP level 3. HP: 19/28 MP: 7/7
   921 | D:1      | Learned a level 3 spell: Spider Form
  1691 | D:2      | Reached skill level 1 in Poison Magic
  1868 | D:2      | Reached XP level 4. HP: 12/35 MP: 8/8
  2609 | D:3      | Noticed Chifra's ghost (amateur HESk)
  2625 | D:2      | Succumbed to an adder's poison

Skill      XL: |  1  2  3 |
---------------+----------+-----
Spellcasting   | 3 |  3.0
Transmutations | 3 |  3.4
Poison Magic   | 1 |  1.7
Fighting       | |  1.2
Dodging        | |  1.7
Unarmed Combat | |  3.0

Action                   |  1- 3 |  4- 6 || total
-------------------------+-------+-------++-------
Melee: Unarmed           |   224 |    90 ||   314
       Kick              |    10 |     4 ||    14
       Punch             |     2 |       ||     2
       Tailslap          |    15 |     7 ||    22
       Headbutt          |     5 |     6 ||    11
 Cast: Beastly Appendage |    19 |     2 ||    21
       Spider Form       |       |     2 ||     2
 Stab: Sleeping          |     1 |     2 ||     3
  Eat: Chunk             |     3 |     3 ||     6
Armor: Skin              |    89 |    33 ||   122
Dodge: Dodged            |   153 |    71 ||   224
